USF Heavy Weapon Fortified Defense

Match 39499305
End
Pioneer Squad
Construct Infanterie Kompanie
MG 42 Machine Gun Team
Selects Breakthrough Battlegroup
Selects Assault Grenadiers
MG 42 Machine Gun Team
Grenadier Squad
Construct Panzergrenadier Kompanie
Panzergrenadier Squad
Pak 40 Anti-tank Gun Team
251 Medium Carrier
Selects Rapid Production
Panzergrenadier Squad
Support Elements
StuG III G Assault Gun
Selects Blitzkrieg
Construct Panzer Kompanie
Nebelwerfer 42 Rocket Launcher Team
Medical Station
Panzer IV Medium Tank
Stoßtruppen Squad
Nebelwerfer 42 Rocket Launcher Team
Panzer IV Medium Tank
Panzer IV Medium Tank
Panzer Officer Quarters
Blitzkrieg
Stoßtruppen Squad
Stoßtruppen Squad
Selects Tiger Heavy Tank
Selects Breakthrough
Selects Incendiary Bombing Run
Side Skirts
Breakthrough
Incendiary Bombing Run
Breakthrough
Tiger Heavy Tank
Kettenkrad Recon Vehicle
Panzergrenadier Squad
Panzergrenadier Squad
Blitzkrieg
Sturmpanzer IV Brummbär
Incendiary Bombing Run
Breakthrough
kochik
Rivi
GCRWDXRD
Bloody_Crusader
Mochi_flamer
[MF] YourTherapist
377480068
Hello
0
0

Comments sign in to comment!

No comments posted yet!